 Dungeon Crawl Stone Soup version 0.30-a0-135-g630cfc4551 (webtiles) character file.

Game seed: 18293178937495833529

107 Iusername the Trooper (level 4, -10/41 HPs)
             Began as a Minotaur Fighter on Sept 20, 2022.
             Mangled by an orc
             ... wielding a +2 hand axe of distortion
              (23 damage)
             ... on level 3 of the Dungeon.
             The game lasted 00:03:24 (2461 turns).

Iusername the Trooper (Minotaur Fighter)            Turns: 2461, Time: 00:03:24

Health: -10/41     AC:  8    Str: 21    XL:     4   Next: 56%
Magic:  3/3        EV:  9    Int:  5    God:
Gold:   112        SH:  4    Dex: 11    Spells: 3/3 levels left

rFire   . . .      SeeInvis .    a - +0 rapier
rCold   . . .      Faith    .    c - +0 buckler
rNeg    . . .      Spirit   .    b - +0 scale mail
rPois   .          Reflect  .    (helmet restricted)
rElec   .          Harm     .    (no cloak)
rCorr   .          Rampage  .    l - +0 pair of gloves
Will    .....                    (no boots)
Stlth   ..........               (no amulet)
HPRegen 0.13/turn                (no ring)
MPRegen 0.08/turn                (no ring)

@: no status effects
A: horns 2, retaliatory headbutt
a: no special abilities


You were on level 3 of the Dungeon.
You visited 1 branch of the dungeon, and saw 3 of its levels.

You collected 112 gold pieces.

Inventory:

Hand Weapons
 a - a +0 rapier (weapon)
Armour
 b - a +0 scale mail (worn)
 c - a +0 buckler (worn)
 l - a +0 pair of gloves (worn)
Scrolls
 f - 3 scrolls of teleportation {unknown}
 h - a scroll of silence {unknown}
 i - a scroll of brand weapon {unknown}
 k - 2 scrolls of identify {unknown}
 m - 3 scrolls of blinking {unknown}
Potions
 d - a potion of heal wounds {unknown}
 e - a potion of flight {unknown}
 g - a potion of degeneration {unknown}
 j - 2 potions of curing {unknown}
 n - a potion of lignification {unknown}
 o - a potion of attraction {unknown}
 p - a potion of experience {unknown}


   Skills:
 + Level 4.7 Fighting
 + Level 3.1 Short Blades
 + Level 4.3 Armour
 + Level 0.6 Dodging
 + Level 4.3 Shields


You had 3 spell levels left.
You didn't know any spells.
Your spell library contained the following spells:

 Spells                   Type           Power      Damage    Failure   Level
 Blink                    Tloc           0%         N/A       95%         2
 Cigotuvi's Dreadful Rot  Necr/Pois/Air  0%         N/A       95%         2
 Lesser Beckoning         Tloc           0%         N/A       99%         3
 Dispel Undead            Necr           0%         3d6       100%        4
 Manifold Assault         Tloc           0%         N/A       100%        4
 Death Channel            Necr           0%         N/A       100%        6


Dungeon Overview and Level Annotations

Branches:
Dungeon (3/15)

Altars:

Shops:
D:1 (   D:2 (


Innate Abilities, Weirdness & Mutations

You have a pair of horns on your head.
You reflexively headbutt those who attack you in melee.


Message History

No target in view!
No target in view!
No target in view!
HP restored.
An orc priest comes into view. It is wielding a +0 short sword.
The orc priest shouts!
An orc comes into view.
It is wielding a +2 hand axe of distortion.
The orc priest looks encouraged for a moment.
You hear a shout!
An orc comes into view. It is wielding a +0 hand axe.
There is a stone staircase leading up here.
The orc priest hits you but does no damage.
There is a stone staircase leading up here.
You closely miss the orc. Your headbutt misses the orc.
The orc priest completely misses you. The orc hits you but does no damage.
You hit the orc. Your headbutt misses the orc.
The orc is severely wounded.
The orc priest hits you but does no damage.
You block the orc's attack.
You hit the orc.
The orc is almost dead.
The orc priest hits you with a +0 short sword.
The orc hits you but does no damage.
You barely miss the orc. You headbutt the orc, but do no damage.
The orc is almost dead.
The orc priest barely misses you. You furiously retaliate!
You headbutt the orc priest! The orc hits you with a +0 hand axe.
You barely miss the orc. Your headbutt misses the orc.
The orc is severely wounded.
The orc priest mumbles some strange prayers to Beogh against you.
Beogh smites you! The orc barely misses you.
You hit the orc.
You kill the orc!
The orc priest invokes the aid of Beogh against you.
Beogh smites you!
You hit the orc. Your headbutt misses the orc.
The orc is severely wounded.
The orc hits you but does no damage. Space warps horribly around you!!
Ouch! That really hurt!
You die...

#.# #.# #.# #.# #.
#.# o# #..###.# .#
#.....#####..
#.....@o..#.#
....###.#o#.#.###.#
. #.#.#.......
#.#.....####.
#.#.....$....
.........####....
#######.... . .
##.### #.#


You could see an orc priest and an orc.

Vanquished Creatures
  A gnoll (D:1)
  4 adders
  A worm (D:2)
  5 dart slugs
  An orc (D:3)
  8 ball pythons
  8 endoplasms
  A giant cockroach (D:1)
  2 hobgoblins (D:1)
  A quokka (D:1)
  2 bats (D:2)
  A frilled lizard (D:1)
  6 goblins
  4 kobolds (D:1)
  5 rats (D:1)
50 creatures vanquished.

Notes
Turn   | Place    | Note
-------+----------+-------------------------------------------
     0 | D:1      | Iusername the Minotaur Fighter began the quest for the Orb.
     0 | D:1      | Reached XP level 1. HP: 19/19 MP: 0/0
   302 | D:1      | Found Aqixon's Antique Weapon Boutique.
   457 | D:1      | Reached XP level 2. HP: 26/28 MP: 1/1
   549 | D:1      | Reached XP level 3. HP: 34/34 MP: 2/2
  1541 | D:2      | Found a faded altar of an unknown god.
  1556 | D:2      | Reached XP level 4. HP: 38/41 MP: 3/3
  1941 | D:2      | Found Dilas's Weapon Emporium.
  2461 | D:3      | Mangled by an orc

Illustrated notes

Levels and vault maps discovered:
D:1:      dpeg_arrival_solitude, layout_loops_cross, serial_co_window_serial,
          co_window_paths_a, co_window_paths_a, co_window_paths_a,
          co_window_paths_a, co_window_paths_b, co_window_unsneaky_path_b,
          co_window_broadway_b, co_window_paths_c, co_window_of_opportunity_b,
          co_window_paths_c, co_window_paths_c, glass_columns_a,
          glass_columns_a, glass_columns_c, glass_columns_b, glass_columns_a,
          serial_shops, nicolae_shop_waterfront, st_stairs_6
D:2:      cheibrodos_old_hovel, layout_loops_ring, serial_shops,
          nicolae_shop_advertising_works [nicolae_subvault_shop_adworks],
          nicolae_ecumenical_snake_handling, grunt_ministairs_8,
          kennysheep_minor_cross
D:3:      layout_rooms, serial_shops, shop, corexii_hall_statues_l, uniq_robin,
          uniq_terence, uniq_natasha

Skill      XL: |  1  2  3  4 |
---------------+-------------+-----
Fighting       | 4 |  4.7
Shields        | 4 |  4.3
Armour         | 4 |  4.3
Short Blades   | 3 |  3.1
Dodging        | |  0.6

Action                   |  1- 3 |  4- 6 || total
-------------------------+-------+-------++-------
Melee: Rapier            |    77 |    38 ||   115
       Headbutt          |     7 |     6 ||    13
  Use: Potion            |     1 |       ||     1
Armor: Scale mail        |    42 |    11 ||    53
Dodge: Dodged            |    29 |    21 ||    50
Block: Buckler           |    16 |     6 ||    22

Table legend: (Time is in decaauts)
 A = Elapsed time spent in this place.
 B = Non-inter-level travel time spent in this place.
 C = Inter-level travel time spent in this place.
 D = Time resting spent in this place.
 E = Time spent auto-exploring this place.
 F = Levels seen in this place.
 G = Mean time per level.
                   A        B        C        D        E       F      G
               +--------+--------+--------+--------+--------+-----+--------+
         Total |   2473 |   2402 |     71 |      0 |   2042 |   3 |  824.3 |
       Dungeon |   2473 |   2402 |     71 |      0 |   2042 |   3 |  824.3 |
               +--------+--------+--------+--------+--------+-----+--------+

Top non-repeatable levels by time:
     D:1: 1423 daAuts
     D:2: 1002 daAuts
     D:3: 47 daAuts
